 Dungeon Crawl Stone Soup version 0.31-a0-217-g58bb5d79cf (webtiles) character file.

Game seed: 14004179697144603509

186069 Gargoyl the Executioner (level 18, -9/190 HPs)
             Began as a Gargoyle Berserker on July 3, 2023.
             Was an Elder of Trog.
             Mangled by a nagaraja
             ... wielding a +0 spear
              (30 damage)
             ... on level 4 of the Snake Pit.
             The game lasted 00:42:58 (23640 turns).

Gargoyl the Executioner (Gargoyle Berserker)       Turns: 23640, Time: 00:42:58

Health: -9/190     AC: 46    Str: 23    XL:     18   Next: 46%
Magic:  18/18      EV: 17    Int: 11    God:    Trog [****..]
Gold:   1256       SH:  0    Dex: 14    Spells: 17/17 levels left

rFire   . . .        G - +6 battleaxe (flame)
rCold   . . .        (shield currently unavailable)
rNeg    + + .        q - +9 chain mail of Ytrass {rPois}
rPois   ∞            i - +2 helmet
rElec   +            r - +2 cloak
rCorr   +            (no gloves)
SInv    .            t - +2 pair of boots
Will    +++..        c - amulet of regeneration Stlth
                     A - ring of Aseil {rN+ EV+5 Slay+2}
HPRegen 2.31/turn    v - ring of resist corrosion
MPRegen 0.16/turn

%: no passive effects
@: berserking, strong-willed, flying, regenerating, very quick
A: sickness immunity, AC +13, big wings, negative energy resistance 1,
electricity resistance, torment resistance 1, petrification resistance, clever 1
a: Renounce Religion, Berserk, Trog's Hand, Brothers in Arms


You were on level 4 of the Snake Pit.
You worshipped Trog.
Trog was greatly pleased with you.
You visited 4 branches of the dungeon, and saw 26 of its levels.
You visited the Abyss 2 times.

You collected 2671 gold pieces.
You spent 1415 gold pieces at shops.

Inventory:

Hand Weapons
 g - a +3 flail
 m - a +3 war axe
 u - a +3 broad axe
 G - a +6 battleaxe of flaming (weapon)
 R - a +6 broad axe
 T - a +1 hand axe of electrocution
Missiles
 y - 11 curare-tipped darts (quivered)
 z - 11 poisoned darts
Armour
 i - a +2 helmet (worn)
 q - the +9 chain mail of Ytrass (worn) {rPois}
   (You found it on level 4 of the Dungeon)

   rPois:     It protects you from poison.
 r - a +2 cloak (worn)
 t - a +2 pair of boots (worn)
Jewellery
 b - a ring of protection from fire
 c - an amulet of regeneration (around neck)
 n - a ring of willpower
 v - a ring of resist corrosion (right hand)
 A - the ring of Aseil (left hand) {rN+ EV+5 Slay+2}
   (You acquired it on level 3 of the Snake Pit)

   [ring of evasion]

   EV:        It affects your evasion (+5).
   Slay:      It affects your accuracy & damage with ranged weapons and melee
   (+2).
   rN:        It protects you from negative energy.
 E - the ring of Leaves {rC+ rCorr Str-2 Dex-3 Stlth+}
   (You found it on level 2 of the Snake Pit)

   [ring of protection from cold]

   Str:       It affects your strength (-2).
   Dex:       It affects your dexterity (-3).
   rC:        It protects you from cold.
   rCorr:     It protects you from acid and corrosion.
   Stlth:     It makes you more stealthy.
Wands
 p - a wand of light (15)
 F - a wand of roots (13)
 H - a wand of digging (6)
 J - a wand of mindburst (7)
 L - a wand of polymorph (3)
 N - a wand of flame (48)
 O - a wand of charming (6)
Scrolls
 d - 6 scrolls of teleportation
 e - 5 scrolls of revelation
 o - 3 scrolls of silence
 s - a scroll of enchant weapon
 w - 4 scrolls of fear
 x - 6 scrolls of poison
 C - 13 scrolls of identify
 M - a scroll of fog
 Q - 3 scrolls of enchant armour
Potions
 a - 15 potions of degeneration
 f - 5 potions of enlightenment
 h - 16 potions of curing
 j - 4 potions of heal wounds
 k - a potion of berserk rage
 l - 2 potions of might
 B - a potion of magic
 D - 2 potions of cancellation
 P - 4 potions of ambrosia


   Skills:
 + Level 18.8 Fighting
 + Level 21.3 Axes
 + Level 0.5 Throwing
 + Level 14.7 Armour
 + Level 7.1 Dodging
 + Level 4.4 Stealth
 + Level 0.1 Unarmed Combat


You had 17 spell levels left.
You didn't know any spells.
Your spell library was empty.

Dungeon Overview and Level Annotations

Branches:
Dungeon (15/15)            Temple (0/1) D:6            Lair (5/5) D:10
 Shoals (0/4) Lair:2        Snake (4/4) Lair:3        Slime (0/5) Lair:4
    Orc (2/2) D:11            Elf (0/3) Orc:2        Vaults (0/5) D:14
 Depths (0/4) D:15

Altars:
Fedhas
Gozag
Sif Muna
Uskayaw
Xom
Yredelemnul
The Shining One
Jiyva

Shops:
D:6 [(   D:7 *   Orc:1 :   Orc:2 *[[*   Snake:3 ::


Innate Abilities, Weirdness & Mutations

You are immune to sickness and miasma.
Your stone body is resilient. (AC +13)
You are immune to poison.
Your large and strong wings let you fly.
You resist negative energy. (rN+)
You are resistant to electric shocks. (rElec)
You are resistant to unholy torment.
You are immune to petrification.
Your mind is acute. (Int +4, Str/Dex -1)


Message History

You barely miss the sea snake. x2
A guardian serpent comes into view.
The nagaraja hits you but does no damage.
The sea snake bites you but does no damage.
The nagaraja hits you from afar with a +0 spear!!
* * * LOW HITPOINT WARNING * * *
The sea snake barely misses you.
You slash the sea snake! You burn the sea snake.
You kill the sea snake!
Trog accepts your kill.
You miss the sea snake. You slash the sea snake! You burn the sea snake.
You feel the power of Trog in you as your rage grows.
You kill the sea snake!
Trog accepts your kill.
You can now call in reinforcements.
A naga mage comes into view. It is wielding a +0 flail.
The nagaraja closely misses you.
The nagaraja hits you from afar with a +0 spear!!
* * * LOW HITPOINT WARNING * * *
You slice the sea snake!! You burn the sea snake!
The sea snake is heavily wounded.
You slash the sea snake! You burn the sea snake.
You kill the sea snake!
Trog accepts your kill.
The sea snake bites you but does no damage.
Unknown command.
You slice the sea snake!! You burn the sea snake.
The sea snake is almost dead.
The nagaraja hits you from afar with a +0 spear!
* * * LOW HITPOINT WARNING * * *
The nagaraja barely misses you.
The naga warrior roars a battlecry!
The nagaraja goes into a battle-frenzy!
You slice the sea snake!! You burn the sea snake.
You kill the sea snake!
Trog accepts your kill. The nagaraja spits poison at you.
The splash of poison hits you but does no damage.
You resist. The naga misses you.
The nagaraja hits you from afar with a +0 spear!!
You die...

.## .... ≈N~.. ~≈NS~## ≈≈~.~N≈###
≈≈~.~N)†.## ≈≈..NNS@..##
~~.~~~###..###### ##### ...≈≈
#..##...## #...# #####≈~~≈
##..#.....# ###.# ##≈≈≈##≈≈
##..##.....#####.. # ##.~~~.##
####..##.............
###.......###.##..#..............
.............#.)))#..............
.#.))......#.....##..............


You could see 3 nagarajas, a naga warrior (strong), a sea snake, a guardian
serpent, a naga mage (strong) and a naga (strong).

Vanquished Creatures
  A bone dragon (Abyss:3)
  Rupert (D:11)
  Jorgrun (D:12)
  A lich (Abyss:3)
  4 tentacled starspawn
  6 nagarajas
  Louise (Snake:1)
  Aizul (Snake:1)
  An orc warlord (Orc:2)
  A dire elephant (Lair:5)
  Azrael (D:12)
  Nessos (D:14)
  A salamander tyrant (Snake:3)
  5 hydras
  An ogre mage (D:15)
  4 catoblepae
  3 centaur warriors
  12 anacondas
  5 boulder beetles
  12 two-headed ogres
  A tengu warrior (D:14)
  10 death yaks
  11 naga sharpshooters
  4 orc high priests (Orc:2)
  6 shock serpents
  14 naga warriors
  A thrashing horror (Abyss:4)
  A wretched star (Abyss:3)
  Urug (D:14)
  A deep elf knight (D:15)
  A sixfirhy (Abyss:3)
  Amaemon (Lair:3)
  3 salamander mystics (Snake:4)
  A skyshark (Lair:5)
  A fire crab (D:15)
  A spatial maelstrom (Abyss:4)
  12 sea snakes (Snake:4)
  A naga ritualist (Snake:1)
  4 wizards
  A harpy (Lair:2)
  A deep elf pyromancer (D:15)
  Pikel (D:9)
  3 large abominations (Abyss:3)
  5 orc knights (Orc:2)
  7 orc sorcerers (Orc:2)
  A necromancer (D:15)
  3 wolf spiders
  5 manticores
  8 mana vipers
  6 ugly things
  4 oklob plants (Lair:5)
  11 salamanders
  2 cyclopes
  22 elephants
  8 guardian serpents
  2 torpor snails
  45 black mambas
  17 naga magi
  A smoke demon (Abyss:3)
  An orange demon (Abyss:3)
  20 cane toads
  2 centaur skeletons (D:15)
  2 rime drakes (Lair:2)
  2 unseen horrors (D:12)
  An efreet (D:15)
  4 unseen horror zombies (D:9)
  2 kobold demonologists
  10 komodo dragons
  2 tengu conjurers (D:13)
  An ancient zyme (Abyss:3)
  5 trolls
  3 polar bears
  A meliai (D:15)
  13 blink frogs
  7 hornets
  2 dream sheep (Lair:5)
  A harpy skeleton (D:15)
  A meliai zombie (D:15)
  9 slime creatures
  A vampire (D:11)
  Sigmund (D:4)
  12 wyverns
  3 shadows
  A ynoxinul (Abyss:3)
  16 humans (D:14)
  Eustachio (D:5)
  6 wraiths
  23 yaks
  A golden eye (Abyss:3)
  A fire elemental (D:12)
  A hog (shapeshifter) (D:15)
  3 hogs (Lair:5)
  A neqoxec (Abyss:3)
  A basilisk (Lair:4)
  4 steam dragons
  5 vampire mosquitoes
  2 redbacks (Lair:5)
  6 wargs
  44 nagas
  A spatial vortex (Abyss:4)
  4 hell hounds (D:12)
  4 acid dragons
  29 water moccasins
  24 orc warriors
  A hornet zombie (D:9)
  3 ice beasts
  A black bear (shapeshifter) (D:13)
  2 black bears
  6 ogres
  22 wolves
  3 lemures (D:9)
  8 centaurs
  3 kobold brigands (D:9)
  16 bullfrogs
  A gnoll sergeant (D:9)
  2 scorpions
  5 wights (D:8)
  5 killer bees
  4 electric eels
  A howler monkey (D:6)
  4 crimson imps (D:14)
  4 centaur zombies (D:9)
  A jelly (D:7)
  3 hounds
  19 orc priests
  A gnoll bouda (D:6)
  3 iguanas
  18 orc wizards
  7 hell rats (Lair:1)
  7 adders
  11 gnolls
  2 white imps
  2 dart slugs
  59 orcs
  3 bats
  7 endoplasms
  2 giant cockroaches
  4 goblins
  14 hobgoblins
  7 jackals
  8 quokkas
  5 ball pythons
  4 frilled lizards
  14 kobolds
  7 rats
  2 starspawn tentacles
876 creatures vanquished.

Vanquished Creatures (collateral kills)
  Kirke (Lair:5)
  A fire dragon (D:15)
  2 naga warriors
  3 salamanders (Snake:4)
  2 naga magi (Snake:3)
  A guardian serpent (Snake:3)
  An orange demon (Lair:3)
  A warg (Orc:2)
  A naga (Snake:4)
  2 orcs (Orc:2)
15 creatures vanquished.

Vanquished Creatures (others)
  A wizard (D:7)
  A naga (Snake:3)
  An orc wizard (D:7)
  9 starspawn tentacles
12 creatures vanquished.

Grand Total: 903 creatures vanquished

Notes
Turn   | Place    | Note
-------+----------+-------------------------------------------
     0 | D:1      | Gargoyl the Gargoyle Berserker began the quest for the Orb.
     0 | D:1      | Reached XP level 1. HP: 14/14 MP: 1/1
     0 | D:1      | Noticed an iron dragon
     3 | D:1      | Noticed a large abomination
     8 | D:1      | Noticed an iron dragon
     9 | D:1      | Noticed a black draconian
    11 | D:1      | Noticed an iron dragon
    13 | D:1      | Noticed a white draconian
    15 | D:1      | Noticed an iron dragon
    15 | D:1      | Noticed an ice dragon
    15 | D:1      | Noticed a tentacled monstrosity
    17 | D:1      | Noticed an ice dragon
    17 | D:1      | Noticed an ice dragon
    19 | D:1      | Noticed an ice dragon
    19 | D:1      | Noticed a large abomination
    55 | D:1      | Found a faded altar of an unknown god.
    59 | D:1      | Reached XP level 2. HP: 20/20 MP: 2/2
   401 | D:1      | Reached skill level 3 in Axes
   674 | D:2      | Reached XP level 3. HP: 24/24 MP: 3/3
   998 | D:2      | Reached XP level 4. HP: 29/29 MP: 4/4
  1255 | D:3      | Found a blossoming altar of Fedhas.
  1470 | D:3      | Reached ** piety under Trog
  2160 | D:4      | Reached skill level 4 in Axes
  2160 | D:4      | Reached skill level 1 in Stealth
  2160 | D:4      | Reached XP level 5. HP: 33/34 MP: 5/5
  2373 | D:4      | Found a shimmering blue altar of Sif Muna.
  2449 | D:4      | Noticed Sigmund
  2458 | D:4      | Killed Sigmund
  2459 | D:4      | Reached XP level 6. HP: 40/40 MP: 6/6
  2509 | D:4      | Identified the +9 chain mail of Ytrass {rPois}
  2582 | D:4      | Reached skill level 5 in Fighting
  2613 | D:4      | Reached skill level 5 in Axes
  2875 | D:5      | Entered Level 5 of the Dungeon
  2902 | D:5      | Noticed Eustachio
  3070 | D:5      | Killed Eustachio
  3071 | D:5      | Reached XP level 7. HP: 44/44 MP: 7/7
  3154 | D:5      | You fall into a shaft and drop 3 floors!
  3209 | D:8      | Reached *** piety under Trog
  3326 | D:8      | Reached skill level 6 in Axes
  3375 | D:8      | Reached XP level 8. HP: 49/49 MP: 8/8
  3623 | D:7      | Noticed a wizard
  3647 | D:7      | Found a glowing golden altar of the Shining One.
  3663 | D:7      | Reached skill level 7 in Axes
  3728 | D:6      | Found Gucin's Antique Weapon Emporium.
  3729 | D:6      | Found Momnagiq's Antique Armour Shop.
  3741 | D:6      | Bought a faintly glowing flail for 187 gold pieces
  3741 | D:6      | Identified the +4 flail of the Grinning Shark {heavy,
                  | Fragile rF+ rCorr Dex+2} (You bought it in a shop on level
                  | 6 of the Dungeon)
  3808 | D:6      | Reached skill level 5 in Armour
  3900 | D:6      | Reached XP level 9. HP: 43/56 MP: 9/9
  3972 | D:6      | Reached skill level 8 in Axes
  4034 | D:6      | Found a staircase to the Ecumenical Temple.
  4364 | D:7      | Reached **** piety under Trog
  4415 | D:7      | Killed a wizard
  4416 | D:7      | Reached skill level 9 in Axes
  4700 | D:7      | Found Feeshoj's Assorted Antiques.
  4706 | D:7      | Bought a scroll of teleportation for 96 gold pieces
  4753 | D:7      | Found an opulent altar of Gozag.
  5528 | D:9      | Reached XP level 10. HP: 60/63 MP: 10/10
  5631 | D:9      | Reached skill level 10 in Axes
  5632 | D:9      | Found a basalt altar of Yredelemnul.
  5769 | D:9      | Noticed a kobold demonologist
  5788 | D:9      | Killed a kobold demonologist
  5841 | D:9      | Noticed Pikel
  5874 | D:9      | Killed Pikel
  5875 | D:9      | Reached skill level 11 in Axes
  6280 | D:10     | Entered Level 10 of the Dungeon
  6402 | D:10     | Reached XP level 11. HP: 62/71 MP: 11/11
  6505 | D:10     | Noticed a two-headed ogre
  6516 | D:10     | Killed a two-headed ogre
  6827 | D:10     | Found a staircase to the Lair.
  7049 | D:11     | Noticed a two-headed ogre
  7064 | D:11     | Killed a two-headed ogre
  7065 | D:11     | Reached skill level 12 in Axes
  7123 | D:11     | Noticed a catoblepas
  7123 | D:11     | Noticed a green ugly thing
  7134 | D:11     | Killed a green ugly thing
  7136 | D:11     | Killed a catoblepas
  7185 | D:11     | Found a staircase to the Orcish Mines.
  7943 | Lair:1   | Entered Level 1 of the Lair of Beasts
  7984 | Lair:1   | Noticed a death yak
  7985 | Lair:1   | Noticed a death yak
  7985 | Lair:1   | Noticed a death yak
  7987 | Lair:1   | Noticed a death yak
  7988 | Lair:1   | Noticed a death yak
  7988 | Lair:1   | Noticed a death yak
  7994 | Lair:1   | Killed a death yak
  8001 | Lair:1   | Killed a death yak
  8003 | Lair:1   | Killed a death yak
  8021 | Lair:1   | Killed a death yak
  8022 | Lair:1   | Reached skill level 10 in Fighting
  8022 | Lair:1   | Reached skill level 13 in Axes
  8022 | Lair:1   | Reached XP level 12. HP: 77/77 MP: 12/12
  8026 | Lair:1   | Killed a death yak
  8036 | Lair:1   | Killed a death yak
  8544 | Lair:1   | Reached skill level 14 in Axes
  9356 | Lair:2   | Reached ***** piety under Trog
  9362 | Lair:2   | Reached XP level 13. HP: 82/84 MP: 13/13
  9578 | Lair:2   | Reached skill level 15 in Axes
  9607 | Lair:2   | Reached skill level 10 in Armour
  9660 | Lair:2   | Reached skill level 5 in Dodging
  9830 | Lair:2   | Found the +13 scythe of Curses {drain, curses, Drain}
 10212 | Lair:3   | Found a staircase to the Snake Pit.
 10494 | Lair:3   | Reached skill level 16 in Axes
 10645 | Lair:3   | Noticed Amaemon
 10654 | Lair:3   | Killed Amaemon
 10782 | Lair:2   | Found a staircase to the Shoals.
 11463 | Lair:4   | Gained mutation: Your large and strong wings let you fly.
                  | [Gargoyle growth]
 11463 | Lair:4   | Reached XP level 14. HP: 75/92 MP: 14/14
 11514 | Lair:4   | Found a staircase to the Slime Pits.
 11515 | Lair:4   | Found a viscous altar of Jiyva.
 11799 | Lair:4   | Received a gift from Trog
 12274 | Lair:5   | Entered Level 5 of the Lair of Beasts
 12538 | Lair:5   | Reached skill level 17 in Axes
 12589 | Lair:5   | Noticed Kirke
 12637 | Lair:5   | Killed Kirke
 12719 | Lair:5   | Noticed a dire elephant
 12731 | Lair:5   | Killed a dire elephant
 12864 | Lair:5   | Reached XP level 15. HP: 99/99 MP: 15/15
 12879 | Lair:5   | Identified the +6 glaive of the Original Sin {heavy, *Rage
                  | rCorr Str+4}
 14168 | D:12     | Noticed Rupert
 14181 | D:11     | HP: 2/150 [Rupert/+2 heavy great mace (22)]
 14186 | D:11     | Killed Rupert
 14248 | D:12     | Reached skill level 18 in Axes
 14379 | D:12     | Noticed Jorgrun
 14381 | D:12     | Noticed Azrael
 14391 | D:12     | Killed Jorgrun
 14400 | D:12     | Killed Azrael
 15448 | D:13     | Found an opulent altar of Gozag.
 15579 | D:14     | Found a gate to the Vaults.
 15597 | D:14     | Received a gift from Trog
 15598 | D:14     | Noticed Nessos
 15609 | D:14     | Noticed Urug
 15620 | D:14     | Killed Urug
 15913 | D:14     | Found a shimmering altar of Xom.
 15915 | D:14     | Killed Nessos
 16260 | D:15     | Entered Level 15 of the Dungeon
 16392 | D:15     | Reached skill level 19 in Axes
 16520 | D:15     | Reached XP level 16. HP: 107/107 MP: 16/16
 16696 | D:15     | Identified the +1 trident of Sin {protect, rN+}
 16825 | D:15     | Reached skill level 15 in Fighting
 17021 | Abyss:3  | Cast into level 3 of the Abyss (a wizard)
 17029 | Abyss:3  | Found a corrupted altar of Lugonu.
 17055 | Abyss:3  | Noticed a tentacled starspawn
 17061 | Abyss:3  | Killed a tentacled starspawn
 17068 | Abyss:3  | Found a runed translucent door.
 17086 | Abyss:3  | Found a runed translucent door.
 17086 | Abyss:3  | Noticed a bone dragon
 17086 | Abyss:3  | Found a runed translucent door.
 17097 | Abyss:3  | Noticed a tentacled starspawn
 17103 | Abyss:3  | Killed a bone dragon
 17108 | D:15     | Escaped the Abyss
 17218 | D:15     | Killed a tentacled starspawn
 17249 | Abyss:3  | Cast into level 3 of the Abyss (a wizard)
 17271 | Abyss:3  | Found a corrupted altar of Lugonu.
 17300 | Abyss:3  | Found a corrupted altar of Lugonu.
 17306 | Abyss:3  | Noticed a lich
 17314 | Abyss:3  | Killed a lich
 17329 | Abyss:3  | Noticed a tentacled starspawn
 17341 | Abyss:3  | Killed a tentacled starspawn
 17364 | Abyss:3  | Found a corrupted altar of Lugonu.
 17430 | Abyss:4  | Found a corrupted altar of Lugonu.
 17432 | Abyss:4  | Found a corrupted altar of Lugonu.
 17485 | Abyss:4  | Noticed a tentacled starspawn
 17493 | Abyss:4  | Killed a tentacled starspawn
 17498 | D:15     | Escaped the Abyss
 17627 | D:15     | Found a staircase to the Depths.
 17769 | Orc:1    | Entered Level 1 of the Orcish Mines
 17846 | Orc:1    | Found Loeneal's Book Shoppe.
 18079 | Orc:2    | Entered Level 2 of the Orcish Mines
 18291 | Orc:2    | Found a staircase to the Elven Halls.
 18466 | Orc:2    | Paralysed by an orc sorcerer for 3 turns
 18802 | Orc:2    | Found Diwkunue's General Store.
 18818 | Orc:2    | Reached skill level 20 in Axes
 18823 | Orc:2    | Found Weoraur's Antique Armour Shop.
 18936 | Orc:2    | Gained mutation: Your mind is acute. (Int +4, Str/Dex -1)
                  | [a neqoxec]
 19044 | Orc:2    | Found Xulon's General Store.
 19049 | Orc:2    | Found Tirakh's Antique Armour Shop.
 19065 | Orc:2    | Bought a scroll of enchant armour for 120 gold pieces
 19085 | Orc:2    | Bought a slimy plate armour for 952 gold pieces
 19085 | Orc:2    | Identified the +0 plate armour of Vehumet's Delight {rPois
                  | rCorr Dex-4} (You bought it in a shop on level 2 of the
                  | Orcish Mines)
 19098 | Orc:2    | Bought a potion of heal wounds for 60 gold pieces
 19346 | Snake:1  | Entered Level 1 of the Snake Pit
 19346 | Snake:1  | Noticed Aizul
 19363 | Snake:1  | Killed Aizul
 19750 | Snake:1  | Reached XP level 17. HP: 114/116 MP: 17/17
 19848 | Snake:1  | Noticed Louise
 20200 | Snake:1  | Killed Louise
 21272 | Snake:2  | Found a hide-covered altar of Uskayaw.
 21402 | Snake:2  | Identified the ring of Leaves {rC+ rCorr Str-2 Dex-3
                  | Stlth+}
 21485 | Snake:3  | Identified a scroll of acquirement
 21485 | Snake:3  | Acquired the ring of Aseil {rN+ EV+5 Slay+2}
 21649 | Snake:3  | Found Kixoilach's Book Shoppe.
 21873 | Snake:3  | Found Doqurgh's Tremendous Tomes.
 21927 | Snake:3  | Received a gift from Trog
 22523 | Snake:4  | Entered Level 4 of the Snake Pit
 22616 | Snake:4  | Reached skill level 21 in Axes
 22621 | Snake:4  | Reached XP level 18. HP: 125/125 MP: 18/18
 23640 | Snake:4  | Mangled by a nagaraja

Illustrated notes

Levels and vault maps discovered:
D:1:      shiori_arrival_whats_in_store_for_you, layout_loops_ring,
          hellmonk_ecumenical_altar_blasted, dk_noncrumbling_3
D:2:      layout_rooms
D:3:      layout_basic, fedhas_altar_2, serial_curves, eino_curves_02,
          eino_curves_02
D:4:      layout_basic, mainiacjoe_overflow_chevrons, minmay_circle_x,
          uniq_sigmund
D:5:      layout_rooms, nicolae_qazlal_scattered_showers, goddamned_bats,
          uniq_ijyb, uniq_eustachio
D:6:      layout_cave_pools, temple_hall, serial_shops, shop,
          minmay_shop_grid_forest
D:7:      cheibrodos_wizards_tower, layout_rooms, mainiacjoe_overflow_swirl,
          serial_shops, kennysheep_little_box, hangedman_decor_riveting
D:8:      layout_layer_cave, nicolae_zen_rock_garden
D:9:      layout_roguey, nicolae_yredelemnul_corpse_copse, uniq_pikel
D:10:     layout_basic, lair_entry_dummy, kennysheep_generic_room_12
D:11:     layout_roguey, david_orc_2, kennysheep_decorative_pillar,
          minmay_misc_feat_columns
D:12:     layout_big_octagon, grunt_decor_arrowhead, uniq_azrael, uniq_jorgrun,
          uniq_rupert
D:13:     layout_cave_pods, nicolae_gozag_seed_capital
D:14:     layout_gridville, david_vaults_3, led_xom_imps
D:15:     grunt_enter_depths_magical_seal, layout_loops_cross,
          nrook_pool_corridor, statue_in_the_mist_lemuel, grunt_decor_fettered,
          kb_rosetta
Lair:1:   layout_cave_pods, lemuel_fruit_fields
Lair:2:   nzn_winding_woodlands_huge [nzn_winding_woodlands_5x15_garden,
          nzn_winding_woodlands_5x15_sawtooth,
          nzn_winding_woodlands_5x15_crooked, nzn_winding_woodlands_5x15_zeroes,
          nzn_winding_woodlands_5x15_default,
          nzn_winding_woodlands_5x15_concentric,
          nzn_winding_woodlands_5x15_twine,
          nzn_winding_woodlands_5x15_pathside_ponds,
          nzn_winding_woodlands_5x15_cabin, nzn_winding_woodlands_5x15_parted,
          nzn_winding_woodlands_center_diamonds,
          nzn_winding_woodlands_center_pierced_h,
          nzn_winding_woodlands_15x15_eel_pit], layout_cave_pods,
          nicolae_shoals_entry_roost
Lair:3:   layout_layer_cave, nicolae_snake_entry_squirm, uniq_amaemon
Lair:4:   layout_cave_pods, slime_entry_1, chequers_serial_rivers_micro_e,
          dreamdust_wasp_nest
Lair:5:   hangedman_lair_tendril_chambers, layout_concentric_octagons,
          hangedman_lair_in_review, dpeg_oklob_1, uniq_nessos, uniq_kirke
Snake:1:  layout_honeycomb, grunt_megastairs_5, uniq_aizul, uniq_louise
Snake:2:  layout_misc_corridors, basic_altar, hangedman_venom_bottle
Snake:3:  nicolae_cobra_stairs, layout_gridlike, serial_shops, shop,
          nicolae_shop_i_like_big_books
Snake:4:  grunt_snake_rune_pools, layout_cave_town, serial_bayou_shore_a
Orc:1:    layout_caves, serial_shops, nicolae_shop_crystal
Orc:2:    st_orc_elflike, layout_diamond_mine, basic_altar

Skill      XL: |  1  2  3  4  5  6  7  8  9 10 11 12 13 14 15 16 17 18 |
---------------+-------------------------------------------------------+-----
Axes           | 3 4 5 6 7 9 11 13 14 16 17 19 20 21 | 21.3
Fighting       | 4 5 6 7 9 10 11 12 13 14 16 18 | 18.8
Dodging        | 2 3 4 5 6 7 |  7.1
Stealth        | 1 2 3 4 |  4.4
Armour         | 3 4 5 6 7 8 9 10 11 12 13 14 | 14.7
Throwing       | |  0.5
Unarmed Combat | |  0.1

Action                     |  1- 3 |  4- 6 |  7- 9 | 10-12 | 13-15 | 16-18 || total
---------------------------+-------+-------+-------+-------+-------+-------++-------
  Melee: Hand axe          |    84 |   247 |   110 |       |       |       ||   441
         Punch             |     1 |     3 |     1 |    12 |     4 |       ||    21
         War axe           |       |       |   122 |       |       |       ||   122
         Broad axe         |       |       |    30 |   519 |   388 |       ||   937
         Battleaxe         |       |       |       |       |   463 |   931 ||  1394
         Unarmed           |       |       |       |       |     2 |       ||     2
  Throw: Dart              |       |       |       |       |     5 |       ||     5
 Invoke: Berserk           |     1 |     4 |     7 |     7 |    13 |    20 ||    52
         Trog's Hand       |       |     1 |     4 |     8 |    18 |    27 ||    58
         Brothers in Arms  |       |       |       |       |     5 |     7 ||    12
    Use: Scroll            |     3 |    11 |     8 |     4 |     7 |     7 ||    40
         Potion            |       |       |       |       |     6 |     2 ||     8
   Stab: Sleeping          |     1 |     2 |       |       |       |       ||     3
         Petrified         |       |       |       |     6 |       |       ||     6
         Petrifying        |       |       |       |     1 |     1 |       ||     2
         Distracted        |       |       |       |       |       |     2 ||     2
 Armour: Animal skin       |    30 |    53 |       |       |       |       ||    83
         Chain mail        |       |   100 |   282 |   489 |   927 |   751 ||  2549
  Dodge: Dodged            |    68 |   155 |   196 |   347 |   639 |   701 ||  2106

Table legend: (Time is in decaauts)
 A = Elapsed time spent in this place.
 B = Non-inter-level travel time spent in this place.
 C = Inter-level travel time spent in this place.
 D = Time resting spent in this place.
 E = Time spent auto-exploring this place.
 F = Levels seen in this place.
 G = Mean time per level.
                   A        B        C        D        E       F      G
               +--------+--------+--------+--------+--------+-----+--------+
         Total |  23727 |  22086 |   1641 |   1227 |  14727 |  29 |  818.2 |
       Dungeon |  11892 |  10826 |   1066 |    634 |   7301 |  15 |  792.8 |
          Lair |   5886 |   5482 |    404 |    231 |   3676 |   5 | 1177.2 |
     Snake Pit |   4250 |   4176 |     74 |    310 |   2726 |   4 | 1062.5 |
  Orcish Mines |   1381 |   1286 |     95 |     36 |    870 |   2 |  690.5 |
         Abyss |    317 |    317 |      0 |     15 |    153 |   3 |  105.7 |
               +--------+--------+--------+--------+--------+-----+--------+

Top non-repeatable levels by time:
  Lair:2: 1508 daAuts
  Lair:5: 1392 daAuts
 Snake:1: 1212 daAuts
     D:8: 1187 daAuts
    D:15: 1110 daAuts
 Snake:4: 1096 daAuts
  Lair:3: 1079 daAuts
  Lair:1: 1078 daAuts
 Snake:3: 1058 daAuts
     D:9: 1033 daAuts
     D:4: 1019 daAuts
   Orc:2: 917 daAuts
    D:10: 888 daAuts
 Snake:2: 883 daAuts
     D:3: 882 daAuts
